 Dungeon Crawl Stone Soup version 0.30-a0-996-ga6910c8ee8 (webtiles) character file.

Game seed: 13418615706852749706

89 qeuew the Trooper (level 4, -7/35 HPs)
             Began as a Demonspawn Chaos Knight on Apr 4, 2023.
             Was a Plaything of Xom.
             Mangled by a fire crab (shapeshifter) (15 damage)
             ... on level 2 of the Dungeon.
             The game lasted 00:02:06 (1110 turns).

qeuew the Trooper (Demonspawn Chaos Knight)         Turns: 1110, Time: 00:02:06

Health: -7/35      AC:  7    Str: 14    XL:     4   Next: 31%
Magic:  4/4        EV: 10    Int: 13    God:    Xom [.....*]
Gold:   103        SH:  0    Dex: 13    Spells: 3/3 levels left

rFire   . . .      SeeInvis .    a - +0 mace (chaos)
rCold   . . .      Faith    .    (no shield)
rNeg    . . .      Spirit   .    d - +2 ring mail {rPois}
rPois   +          Reflect  .    (no helmet)
rElec   .          Rampage  .    (no cloak)
rCorr   .                        (no gloves)
Will    .....                    (no boots)
Stlth   +                        (no amulet)
HPRegen 0.25/turn                (no ring)
MPRegen 0.09/turn                (no ring)

@: no status effects
A: claws 1, ignite blood 1
a: Renounce Religion


You were on level 2 of the Dungeon.
You worshipped Xom.
You were Xom's teddy bear.
You visited 1 branch of the dungeon, and saw 2 of its levels.

You collected 103 gold pieces.

Inventory:

Hand Weapons
 a - a +0 mace of chaos (weapon)
Armour
 d - a +2 ring mail of poison resistance (worn)
Scrolls
 e - a scroll of enchant armour {unknown}
 h - a scroll of identify {unknown}
 i - a scroll of brand weapon {unknown}
 k - a scroll of fog {unknown}
Potions
 b - a potion of curing
 f - 2 potions of heal wounds
 g - a potion of berserk rage {unknown}
 j - a potion of attraction {unknown}
Miscellaneous
 c - a piece from Xom's chessboard (15/15) (quivered)


   Skills:
 + Level 3.4 Fighting
 + Level 3.1 Maces & Flails
 * Level 2.8 Armour
 + Level 1.6 Dodging
 + Level 1.2 Evocations


You had 3 spell levels left.
You didn't know any spells.
Your spell library contained the following spells:

 Spells                   Type           Power      Damage    Failure   Level
 Freezing Cloud           Conj/Ice/Air   0%         6-21      100%        5
 Simulacrum               Ice/Necr       0%         N/A       100%        6
 Polar Vortex             Ice            0%         N/A       100%        9


Dungeon Overview and Level Annotations

Branches:
Dungeon (2/15)

Altars:


Innate Abilities, Weirdness & Mutations

You have sharp fingernails.
Your demonic aura sometimes causes spilled blood to erupt in flames.


Message History

The fire crab claws you but does no damage.
A fire crab is nearby!
You hit the fire crab but do no damage. The fire crab breathes flames at you.
The blast of flame engulfs you but does no damage.
Unknown command.
Really walk into that cloud of mutagenic fog?
You are engulfed in mutagenic fog.
The mutagenic energy flows into you.
You are very lightly contaminated with residual magic.
The fire crab attacks as you move away! The fire crab bites you.
You are engulfed in flames!
The fire crab claws you!
You are engulfed in flames!
* * * LOW HITPOINT WARNING * * *
You are engulfed in mutagenic fog.
The mutagenic energy flows into you.
You are lightly contaminated with residual magic.
The fire crab breathes flames at you. The blast of flame engulfs you.
* * * LOW HITPOINT WARNING * * *
There is a stone staircase leading up here. "Heh heh heh..."
The fire crab looks rather confused.
You climb upwards.
There is a stone staircase leading down here.
Your trail of clouds dissipates.
Your magical contamination has completely faded away.
You are now Xom's teddy bear.
HP restored.
Done exploring.
You climb downwards.
There is a stone staircase leading up here.
The fire crab bites you but does no damage.
The fire crab claws you.
You are engulfed in flames!
The fire crab breathes flames at you. The blast of flame engulfs you.
Unknown command.
The fire crab barely misses you. The fire crab claws you!
* * * LOW HITPOINT WARNING * * *
You are engulfed in flames!
You die...
Xom cackles wildly!

############
#..........#
...
#$.○○......#
#.#
#..○○@..<..#
#.#
#..○t○....[#
#.#
###.##########
## #.# #.#
#.#...# #.#
#<# #.#...#
#.#### #.#
#.#...# #....#
#.# ##.#...#
#.##.## #.#
#......#
#.##..# #.#
###..#>..#


You could see a fire crab shaped shifter.

Vanquished Creatures
  5 gnolls
  An adder (D:2)
  6 ball pythons
  4 endoplasms
  6 goblins
  2 hobgoblins (D:1)
  A quokka (D:2)
  2 bats (D:2)
  3 frilled lizards
  3 kobolds
  2 rats (D:1)
35 creatures vanquished.

Vanquished Creatures (others)
  3 plants (D:1)
3 creatures vanquished.

Grand Total: 38 creatures vanquished

Notes
Turn   | Place    | Note
-------+----------+-------------------------------------------
     0 | D:1      | qeuew the Demonspawn Chaos Knight began the quest for the
                  | Orb.
     0 | D:1      | Reached XP level 1. HP: 18/18 MP: 1/1
    79 | D:1      | Reached skill level 1 in Dodging
    79 | D:1      | Gained mutation: You have sharp fingernails. [demonic
                  | ancestry]
    79 | D:1      | Reached XP level 2. HP: 13/24 MP: 2/2
    85 | D:1      | XOM: potion effect (heal wounds)
   522 | D:2      | XOM: silly message
   549 | D:2      | Gained mutation: Your demonic aura sometimes causes spilled
                  | blood to erupt in flames. [demonic ancestry]
   549 | D:2      | Reached XP level 3. HP: 27/29 MP: 3/3
   619 | D:2      | XOM: silly message
   744 | D:2      | XOM: silly message
   747 | D:2      | XOM: potion effect (invisibility)
   749 | D:2      | Reached skill level 1 in Evocations
   755 | D:2      | Reached XP level 4. HP: 21/35 MP: 4/4
   838 | D:2      | XOM: silly message
   872 | D:2      | XOM: cloud trail
   939 | D:2      | XOM: noise
   965 | D:2      | an endoplasm changed into a shapeshifter
   965 | D:2      | Noticed a shapeshifter (shapeshifter)
   965 | D:2      | XOM: polymorph endoplasm -> shapeshifter
   965 | D:2      | a shapeshifter changed into a fire crab
   965 | D:2      | Noticed a fire crab (shapeshifter)
   967 | D:2      | XOM: potion effect (heal wounds)
   970 | D:2      | HP: 1/35 [fire crab (shapeshifter)/blast of flame (3)]
   971 | D:2      | XOM: confuse monster(s)
  1110 | D:2      | Mangled by a fire crab (shapeshifter)

Illustrated notes

Levels and vault maps discovered:
D:1:      heliophobic_arrival_enchanted_forest, layout_rooms,
          palyth_stone_intersect, nicolae_grassy_gnolls
D:2:      layout_rooms

Skill      XL: |  1  2  3 |
---------------+----------+-----
Armour         | 2 |  2.8
Dodging        | 1 |  1.6
Maces & Flails | 3 |  3.1
Evocations     | 1 |  1.2
Fighting       | |  3.4

Action                     |  1- 3 |  4- 6 || total
---------------------------+-------+-------++-------
  Melee: Mace              |    73 |    21 ||    94
    Use: Potion            |     3 |       ||     3
         Scroll            |     1 |       ||     1
   Stab: Invisible         |     4 |     1 ||     5
 Armour: Ring mail         |    41 |    12 ||    53
  Dodge: Dodged            |    51 |    11 ||    62

Table legend: (Time is in decaauts)
 A = Elapsed time spent in this place.
 B = Non-inter-level travel time spent in this place.
 C = Inter-level travel time spent in this place.
 D = Time resting spent in this place.
 E = Time spent auto-exploring this place.
 F = Levels seen in this place.
 G = Mean time per level.
                   A        B        C        D        E       F      G
               +--------+--------+--------+--------+--------+-----+--------+
         Total |   1134 |   1117 |     17 |      0 |    853 |   2 |  567.0 |
       Dungeon |   1134 |   1117 |     17 |      0 |    853 |   2 |  567.0 |
               +--------+--------+--------+--------+--------+-----+--------+

Top non-repeatable levels by time:
     D:1: 652 daAuts
     D:2: 482 daAuts
